 Dungeon Crawl Stone Soup version 0.30.1-9-gdf580d7c3d (webtiles) character file.

Game seed: 5467670319214812479

159 Wiggles the Chopper (level 5, -3/47 HPs)
             Began as a Minotaur Berserker on Oct 17, 2023.
             Was a Believer of Trog.
             Slain by an orc wizard
             ... wielding a +0 dagger of speed
              (4 damage)
             ... on level 3 of the Dungeon.
             The game lasted 00:03:25 (1224 turns).

Wiggles the Chopper (Minotaur Berserker)            Turns: 1224, Time: 00:03:26

Health: -3/47      AC:  9    Str: 24    XL:     5   Next: 17%
Magic:  4/4        EV:  9    Int:  4    God:    Trog [**....]
Gold:   53         SH:  0    Dex:  9    Spells: 4/4 levels left

rFire   . . .        a - +0 hand axe
rCold   . . .        (no shield)
rNeg    . . .        i - +0 chain mail
rPois   .            (helmet restricted)
rElec   .            (no cloak)
rCorr   .            (no gloves)
SInv    .            (no boots)
Will    .....        (no amulet) Stlth
                     g - ring of flight
HPRegen 0.27/turn    (no ring)
MPRegen 0.09/turn

%: no passive effects
@: flying
A: horns 2, retaliatory headbutt
a: Renounce Religion, Berserk, Trog's Hand


You were on level 3 of the Dungeon.
You worshipped Trog.
Trog was pleased with you.
You visited 1 branch of the dungeon, and saw 3 of its levels.

You collected 118 gold pieces.
You spent 65 gold pieces at shops.

Inventory:

Hand Weapons
 a - a +0 hand axe (weapon)
Armour
 i - a +0 chain mail (worn)
Jewellery
 g - a ring of flight (left hand)
Wands
 m - a wand of light (3)
Scrolls
 c - a scroll of poison {unknown}
 d - a scroll of blinking {unknown}
 e - a scroll of enchant weapon {unknown}
 f - 2 scrolls of noise {unknown}
 h - a scroll of teleportation {unknown}
 k - 2 scrolls of silence {unknown}
 l - a scroll of identify {unknown}
 o - a scroll of vulnerability {unknown}
Potions
 b - a potion of degeneration {unknown}
 j - a potion of might {unknown}
 n - 2 potions of heal wounds
 p - a potion of mutation {unknown}
 q - a potion of magic {unknown}


   Skills:
 + Level 4.7 Fighting
 + Level 5.5 Axes
 + Level 3.0 Armour
 + Level 2.8 Dodging
 + Level 0.6 Stealth


You had 4 spell levels left.
You didn't know any spells.
Your spell library was empty.

Dungeon Overview and Level Annotations

Branches:
Dungeon (3/15)

Altars:

Shops:
D:1 !


Innate Abilities, Weirdness & Mutations

You have a pair of horns on your head.
You reflexively headbutt those who attack you in melee.


Message History

* * * LOW HITPOINT WARNING * * *
You hear some strange, mumbled words.
Something tries to affect you, but you resist.
You slash something! Your headbutt misses something.
Something hits you but does no damage. x2
Something hits you.
* * * LOW HITPOINT WARNING * * *
Something hits you.
* * * LOW HITPOINT WARNING * * *
You hear some strange, mumbled words.
Something tries to affect you, but you resist.
Something hits you but does no damage.
You see here a bat corpse.
You feel yourself speed up.
Something hits you but does no damage. x2
Items here: )) [ †††.
Items here: )) [[.
You miss something. Your headbutt misses something.
You hear some strange, mumbled words.
A magic dart appears from out of thin air!
The magic dart hits you.
* * * LOW HITPOINT WARNING * * *
You completely miss something. Something hits you.
* * * LOW HITPOINT WARNING * * *
You hear some strange, mumbled words.
Something tries to affect you, but you resist.
You hit something. Your headbutt misses something.
Something hits you but does no damage.
You closely miss something. Something hits you but does no damage.
You hit something but do no damage. Your headbutt misses something.
Something hits you but does no damage.
You hear some strange, mumbled words.
A puff of flame appears from out of thin air!
The puff of flame hits you!
* * * LOW HITPOINT WARNING * * *
You hit something.
You recover from your berserk rage.
Something hits you but does no damage.
You miss something. Something hits you.
You die...

#.# #.# #.# ...
#.####.... #.......#
##### #†).....# ....#
##.# ##)#####.#
###<##....#####.{...#
#..............)@##.#
#.#†##.#####.###.##.##.#
....# # # #.......#
#.### #....#### ..#
#.#### .## #.# .# #.# .#
#.# .# #.#


There were no monsters in sight!

Vanquished Creatures
  An orc priest (D:3)
  Ijyb (D:2)
  An orc wizard (D:3)
  An adder (D:2)
  A worm (D:2)
  3 dart slugs (D:1)
  4 orcs (D:3)
  6 bats
  2 endoplasms (D:1)
  2 giant cockroaches
  7 goblins
  7 hobgoblins
  A quokka (D:1)
  8 ball pythons
  2 frilled lizards (D:1)
  5 kobolds
  3 rats
55 creatures vanquished.

Notes
Turn   | Place    | Note
-------+----------+-------------------------------------------
     0 | D:1      | Wiggles the Minotaur Berserker began the quest for the Orb.
     0 | D:1      | Reached XP level 1. HP: 19/19 MP: 0/0
    83 | D:1      | Reached skill level 4 in Axes
    83 | D:1      | Reached XP level 2. HP: 23/27 MP: 1/1
   179 | D:1      | Found Adeattoeho's Distillery.
   371 | D:1      | Reached XP level 3. HP: 30/33 MP: 2/2
   504 | D:2      | Noticed Ijyb
   508 | D:2      | Reached ** piety under Trog
   512 | D:2      | Killed Ijyb
   665 | D:1      | Bought a potion of heal wounds for 65 gold pieces
   699 | D:2      | Reached XP level 4. HP: 37/41 MP: 3/3
   862 | D:2      | Reached skill level 5 in Axes
   864 | D:2      | Found a faded altar of an unknown god.
  1194 | D:3      | Reached XP level 5. HP: 40/47 MP: 4/4
  1222 | D:3      | HP: 1/47 [something/puff of flame (7)]
  1224 | D:3      | Slain by an orc wizard

Illustrated notes

Levels and vault maps discovered:
D:1:      dpeg_arrival_arbitrary_c, layout_rooms, serial_shops,
          nicolae_shop_stone, serial_park_tiny_2
D:2:      kennysheep_the_goblin_king, layout_basic,
          shapermc_ecumenical_altar_rom_forum
D:3:      layout_loops_cross, mainiacjoe_overflow_catwalk_spiral,
          uniq_crazy_yiuf_cottage

Skill      XL: |  1  2  3  4 |
---------------+-------------+-----
Axes           | 4 5 |  5.5
Fighting       | 4 |  4.7
Armour         | 3 |  3.0
Dodging        | |  2.8
Stealth        | |  0.6

Action                     |  1- 3 |  4- 6 || total
---------------------------+-------+-------++-------
  Melee: Hand axe          |    48 |    53 ||   101
         Headbutt          |     6 |     7 ||    13
         Punch             |       |     2 ||     2
 Invoke: Berserk           |     1 |     1 ||     2
   Stab: Sleeping          |     1 |       ||     1
 Armour: Animal skin       |     6 |       ||     6
         Chain mail        |    25 |    49 ||    74
  Dodge: Dodged            |    40 |    21 ||    61
